 Dungeon Crawl Stone Soup version 0.29.1-1-gd02db6906a (webtiles) character file.

Game seed: 7936972086454672193

21863 Ashen the Frost Mage (level 12, -8/91 HPs)
             Began as a Demonspawn Ice Elementalist on Sept 30, 2022.
             Was an Elder of Vehumet.
             Mangled by an orc knight
             ... wielding a +2 battleaxe
              (24 damage)
             ... on level 1 of the Orcish Mines.
             The game lasted 00:53:38 (14383 turns).

Ashen the Frost Mage (Demonspawn Ice Elementalist) Turns: 14383, Time: 00:53:38

Health: -8/91      AC: 11    Str:  9    XL:     12   Next: 57%
Magic:  4/26       EV: 19    Int: 22    God:    Vehumet [****..]
Gold:   458        SH:  0    Dex: 13    Spells: 20/31 levels left

rFire   + . .      SeeInvis .   n - +1 dagger (venom)
rCold   + . .      Faith    .   (no shield)
rNeg    + . .      Spirit   .   Q - +0 troll leather armour
rPois   .          Reflect  .   J - +0 hat of the Endless Expanse {+Blink rN+}
rElec   .          Harm     .   V - scarf {rC+ rF+}
rCorr   .          Rampage  .   s - +2 pair of gloves
Will    +....                   m - +1 pair of boots
Stlth   +++.......              C - amulet of regeneration
HPRegen 1.85/turn               h - ring of willpower
MPRegen 0.20/turn               F - ring of flight

@: mighty, agile, flying
A: foul stench 1, powered by pain 2, sharp scales 2, demonic touch 2
a: Renounce Religion, Evoke Blink


You were on level 1 of the Orcish Mines.
You worshipped Vehumet.
Vehumet was greatly pleased with you.
You visited 3 branches of the dungeon, and saw 14 of its levels.
You also visited: Sewer.

You collected 965 gold pieces.
You spent 507 gold pieces at shops.

Inventory:

Hand Weapons
 a - a -1 demon whip of venom
 e - a +0 quarterstaff
 n - a +1 dagger of venom (weapon)
 O - a +5 scimitar
Missiles
 q - 6 atropa-tipped darts
 u - 50 poisoned darts (quivered)
 I - 10 curare-tipped darts
 L - 6 javelins
 T - 3 throwing nets
Armour
 d - a +1 robe of resistance
 m - a +1 pair of boots (worn)
 s - a +2 pair of gloves (worn)
 J - the +0 hat of the Endless Expanse (worn) {+Blink rN+}
   (You acquired it on level 9 of the Dungeon)

   rN:        It protects you from negative energy.
   +Blink:    It lets you blink.
 Q - a +0 troll leather armour (worn)
 V - a scarf of resistance (worn)
 X - a +0 buckler
Jewellery
 h - a ring of willpower (left hand)
 C - an amulet of regeneration (around neck)
 E - a +4 ring of protection
 F - a ring of flight (right hand)
Wands
 H - a wand of roots (11)
 M - a wand of paralysis (17)
 P - a wand of polymorph (8)
Scrolls
 f - 3 scrolls of vulnerability
 g - a scroll of magic mapping
 i - 5 scrolls of fog
 j - a scroll of silence
 r - a scroll of torment {unknown}
 w - 3 scrolls of poison
 B - a scroll of enchant armour
 D - 3 scrolls of teleportation
 G - a scroll of amnesia
 R - a scroll of fear {unknown}
 W - a scroll of immolation
Potions
 b - 3 potions of magic
 c - 4 potions of lignification
 k - 5 potions of might
 l - 5 potions of flight
 o - a potion of invisibility
 p - 2 potions of resistance
 t - 4 potions of brilliance
 v - 3 potions of curing
 x - 3 potions of haste
 z - 2 potions of attraction {unknown}
 A - 3 potions of degeneration {unknown}
 K - 2 potions of mutation {unknown}
 N - a potion of ambrosia


   Skills:
 + Level 7.3 Fighting
 + Level 7.0 Dodging
 - Level 5.0 Stealth
 - Level 10.0 Spellcasting
 * Level 9.5 Conjurations
 - Level 10.0 Ice Magic
 + Level 4.7 Evocations


You had 20 spell levels left.
You knew the following spells:

 Your Spells              Type           Power      Damage    Failure   Level
a - Freeze                Ice            100%       1d11      1%          1
b - Frozen Ramparts       Ice            100%       1d16      1%          3
c - Ozocubu's Armour      Ice            53%        N/A       1%          3
d - Hailstorm             Conj/Ice       52%        3d12      1%          4

Your spell library contained the following spells:

 Spells                   Type           Power      Damage    Failure   Level
 Yara's Violent Unravell  Hex/Tmut       5%         3d4       50%         5
 Static Discharge         Conj/Air       32%        3-7/arc   1%          2
 Conjure Flame            Conj/Fire      32%        6-21      1%          3
 Dazzling Flash           Conj/Hex       64%        N/A       1%          3
 Stone Arrow              Conj/Erth      64%        3d11      1%          3
 Sandblast                Erth           22%        2d7       2%          1
 Sticky Flame             Conj/Fire      32%        2d5       3%          4
 Ignite Poison            Fire/Tmut/Pois 11%        N/A       7%          3
 Apportation              Tloc           22%        N/A       9%          1
 Necrotise                Necr           44%        1d6       9%          1
 Sting                    Tmut/Pois      44%        1d5       9%          1
 Summon Small Mammal      Summ           44%        N/A       9%          1
 Lightning Bolt           Conj/Air       16%        1d30      9%          5
 Passwall                 Tmut/Erth      9%         N/A       13%         2
 Sublimation of Blood     Necr           11%        N/A       13%         2
 Wereblood                Tmut           11%        N/A       13%         2
 Summon Guardian Golem    Hex/Summ       11%        N/A       26%         3
 Vampiric Draining        Necr           11%        2d6       26%         3
 Orb of Destruction       Conj           26%        9d9       32%         7
 Spellforged Servitor     Conj/Summ      16%        N/A       91%         7
 Agony                    Necr           11%        N/A       93%         5
 Silence                  Hex/Air        5%         N/A       93%         5
 Malign Gateway           Summ/Tloc      5%         N/A       100%        7
 Summon Hydra             Summ           5%         N/A       100%        7
 Maxwell's Capacitive Co  Air            5%         ∞         100%        8
 Death's Door             Necr           5%         N/A       100%        9


Dungeon Overview and Level Annotations

Branches:
Dungeon (11/15)            Temple (1/1) D:6            Lair (0/5) D:11
    Orc (2/2) D:11          Sewer (visited)
    Elf: Orc:2

Altars:
Ashenzari
Cheibriados
Dithmenos
Fedhas
Gozag
Hepliaklqana
Kikubaaqudgha
Makhleb
Nemelex Xobeh
Okawaru
Qazlal
Ru
Sif Muna
Trog
Uskayaw
Vehumet
Wu Jian
Xom
Yredelemnul

Shops:
D:3 [*:?

Annotations:
D:10 Snorg


Innate Abilities, Weirdness & Mutations

You may rarely emit foul miasma when damaged in melee.
You sometimes gain power by taking damage.
You are mostly covered in razor-sharp scales. (AC +2, Slay +2)
Your touch may inflict irresistible damage on your foes.


Message History

The orc warrior hits you but does no damage.
You are more poisoned.
Casting: Hailstorm (safe; 1% risk of failure)
Confirm with . or Enter, or press ? or * to list all spells.
Casting: Hailstorm (safe; 1% risk of failure)
Press: ? - help, Dir - look around, f - activate A cannonade of hail descends around you!
The hail pelts the orc knight!
The orc knight is severely wounded.
The hail pelts the orc warrior!
The orc warrior is heavily wounded.
You feel very sick. The orc wizard closely misses you.
The orc warrior completely misses you.
You feel very sick.
The orc wizard points at you and mumbles some strange words.
You resist with almost no effort. The orc warrior misses you.
The orc knight hits you with a +2 battleaxe!!
* * * LOW HITPOINT WARNING * * *
You fly upwards.
You feel very sick.
There is a stone staircase leading down here.
Okay, then.
Okay, then.
Okay, then.
Okay, then.
Okay, then.
As you read the scroll of summoning, it crumbles to dust.
Wisps of shadow whirl around you...
You feel very sick. The orc knight misses you.
The orc knight hits your orc with a +2 battleaxe!
Your orc dies!
Your orc's corpse dissolves into shadows!
The orc warrior hits you with a +1 flail of venom!
* * * LOW HITPOINT WARNING * * *
You are lethally poisoned!
The orc wizard closely misses you.
You feel better.
The orc knight hits you with a +2 battleaxe!!
You die...

###.....## ##.#...........
##........###### #......##......
#........#.....####......#......
##.#.......(((.o#...>.######....
##........((((.#......###.#....
##......(((((.#........##.....
##.#...(((hoo##.##....#......
####...(((oo######........##
#......h.@####.#........#
##.......o.##.........###
##....O...###..........##
##.#.......#.##..........#
#............##...........
####....###....#....#.......
#..#...## ##........##......
#.#.....# ###......####.....
####...## #........#.##.....


You could see an orc knight (ally target), an orc warrior (strong, ally target),
an orc wizard (strong, ally target), 2 friendly wargs, a friendly orc warrior
(summoned), a friendly ogre (summoned), a friendly orc wizard (summoned) and a
friendly orc (summoned).

Vanquished Creatures
  An ettin (Orc:1)
  A hydra (D:11)
  Harold (D:9)
  A boulder beetle (D:11)
  A two-headed ogre (D:8)
  Nergalle (D:10)
  Amaemon (D:8)
  4 lindwurms (D:11)
  A cyclops (D:11)
  3 manticores
  Maurice (D:10)
  Joseph (D:9)
  An orange demon (D:8)
  Maggie (D:9)
  3 kobold demonologists (D:11)
  4 trolls
  3 slime creatures (D:9)
  Grinder (D:5)
  Prince Ribbit (D:8)
  Sigmund (D:5)
  21 yaks
  A steam dragon (D:6)
  Edmund (D:4)
  7 water moccasins
  A sky beast (D:6)
  An ice beast (D:8)
  12 orc warriors
  4 black bears
  3 ogres
  2 phantoms
  5 centaurs
  6 kobold brigands
  6 bullfrogs
  A necrophage (D:4)
  2 scorpions
  A gnoll sergeant (D:10)
  A wyvern zombie (D:6)
  2 wyvern skeletons (D:6)
  9 wights
  20 killer bees
  4 howler monkeys
  A bullfrog zombie (D:6)
  4 hounds
  A bullfrog skeleton (D:6)
  A jelly (D:5)
  Crazy Yiuf (D:5)
  6 orc priests
  2 centaur skeletons (D:6)
  4 iguanas
  12 orc wizards
  A howler monkey zombie (D:6)
  4 gnolls (D:10)
  9 adders
  4 river rats (Sewer)
  2 shadow imps
  2 white imps
  A worm (D:4)
  2 dart slugs
  39 orcs
  5 endoplasms
  3 giant cockroaches
  9 goblins
  5 hobgoblins
  3 jackals (D:1)
  A quokka (D:1)
  13 ball pythons
  6 bats
  11 frilled lizards
  34 kobolds
  16 rats
344 creatures vanquished.

Vanquished Creatures (collateral kills)
  A vampire (D:9)
1 creature vanquished.

Vanquished Creatures (others)
  43 fungi (D:11)
  42 plants
  2 withered plants (D:6)
87 creatures vanquished.

Grand Total: 432 creatures vanquished

Notes
Turn   | Place    | Note
-------+----------+-------------------------------------------
     0 | D:1      | Ashen the Demonspawn Ice Elementalist began the quest for
                  | the Orb.
     0 | D:1      | Reached XP level 1. HP: 13/13 MP: 3/3
   406 | D:1      | You fall into a shaft and drop 1 floor!
   479 | D:2      | Gained mutation: You sometimes gain a little power by
                  | taking damage. [demonic ancestry]
   479 | D:2      | Reached XP level 2. HP: 20/20 MP: 1/5
  1108 | D:2      | Gained mutation: Your touch may inflict minor irresistible
                  | damage on your foes. [demonic ancestry]
  1108 | D:2      | Reached XP level 3. HP: 25/25 MP: 2/6
  1385 | D:1      | Reached skill level 1 in Fighting
  2088 | D:1      | Found a faded altar of an unknown god.
  2181 | D:2      | Gained mutation: You sometimes gain power by taking damage.
                  | [demonic ancestry]
  2181 | D:2      | Reached XP level 4. HP: 32/32 MP: 8/8
  2377 | D:3      | Found Wyet's Magic Scroll Emporium.
  2382 | D:3      | Bought a scroll of blinking for 75 gold pieces
  2458 | D:3      | Found Oleapuam's Book Shoppe.
  2965 | D:3      | Reached XP level 5. HP: 37/37 MP: 9/9
  3171 | D:3      | Found Foranno's Assorted Antiques.
  3176 | D:3      | Learned a level 3 spell: Frozen Ramparts
  3180 | D:3      | Learned a level 3 spell: Ozocubu's Armour
  3187 | D:3      | Bought a scroll labelled MABLUPTEBA for 24 gold pieces
  3238 | D:3      | Found Zyinoeh's Armour Boutique.
  4019 | D:3      | Bought a scroll labelled QUSTEF FIOTZ for 24 gold pieces
  4140 | D:4      | Noticed a black bear
  4151 | D:4      | Killed a black bear
  4152 | D:4      | Gained mutation: Your touch may inflict irresistible damage
                  | on your foes. [demonic ancestry]
  4152 | D:4      | Reached XP level 6. HP: 44/44 MP: 4/11
  4216 | D:4      | Reached skill level 5 in Ice Magic
  4226 | D:4      | Reached XP level 7. HP: 45/51 MP: 10/13
  4317 | D:4      | Noticed Edmund
  4327 | D:4      | Killed Edmund
  4329 | D:4      | Found a glowing drain.
  4368 | Sewer    | Entered a sewer
  4374 | Sewer    | Learned a level 4 spell: Hailstorm
  5027 | D:4      | Found a sparkling altar of Nemelex Xobeh.
  5215 | D:5      | Entered Level 5 of the Dungeon
  5410 | D:5      | Found a snail-covered altar of Cheibriados.
  5410 | D:5      | Noticed Grinder
  5440 | D:5      | Reached skill level 1 in Conjurations
  5492 | D:5      | Noticed Sigmund
  6186 | D:5      | Reached XP level 8. HP: 58/58 MP: 10/15
  6214 | D:5      | Found a runed translucent door.
  6215 | D:5      | Noticed Crazy Yiuf
  6223 | D:5      | Killed Crazy Yiuf
  6311 | D:5      | Found a shimmering blue altar of Sif Muna.
  6324 | D:5      | Got Sif Muna's Omnibus of Superposition and Transfiguration
  6329 | D:5      | Found a bloodstained altar of Trog.
  6361 | D:5      | Killed Sigmund
  6362 | D:5      | Reached skill level 5 in Spellcasting
  6748 | D:6      | Found a basalt altar of Yredelemnul.
  6867 | D:6      | Found a staircase to the Ecumenical Temple.
  6908 | Temple   | Entered the Ecumenical Temple
  6908 | Temple   | Found a transporter.
  6908 | Temple   | Found a transporter.
  6910 | Temple   | Found a transporter.
  6910 | Temple   | Found a transporter.
  6933 | Temple   | Became a worshipper of Vehumet
  7359 | D:6      | Gained mutation: You are partially covered in razor-sharp
                  | scales. (AC +1, Slay +1) [demonic ancestry]
  7359 | D:6      | Reached XP level 9. HP: 64/65 MP: 14/17
  8001 | D:7      | Got the Cyclopedia of Allied Misery
  8412 | D:7      | Reached * piety under Vehumet
  8412 | D:7      | Offered knowledge of Shock by Vehumet.
  8648 | D:8      | Found a broken altar of Ashenzari.
  8713 | D:8      | Noticed a two-headed ogre
  8730 | D:8      | Noticed Prince Ribbit
  8779 | D:8      | Killed Prince Ribbit
  8816 | D:8      | Reached skill level 5 in Stealth
  8816 | D:8      | Reached skill level 5 in Conjurations
  9267 | D:8      | Noticed Amaemon
  9343 | D:9      | Noticed a troll
  9358 | D:9      | Killed a troll
  9370 | D:9      | Identified a scroll of acquirement
  9370 | D:9      | Acquired the +0 hat of the Endless Expanse {+Blink rN+}
  9444 | D:9      | Noticed Maggie
  9451 | D:9      | Killed Maggie
  9452 | D:9      | Gained mutation: You are mostly covered in razor-sharp
                  | scales. (AC +2, Slay +2) [demonic ancestry]
  9452 | D:9      | Reached XP level 10. HP: 73/73 MP: 14/20
  9511 | D:9      | Noticed a manticore
  9522 | D:9      | Killed a manticore
  9523 | D:9      | Reached skill level 5 in Fighting
  9523 | D:9      | Reached skill level 5 in Dodging
  9621 | D:9      | Noticed Joseph
  9636 | D:9      | Killed Joseph
  9706 | D:9      | Offered knowledge of Searing Ray by Vehumet.
  9709 | D:9      | Reached ** piety under Vehumet
  9824 | D:9      | Found an opulent altar of Gozag.
  9955 | D:9      | Noticed Harold
 10334 | D:9      | Reached skill level 1 in Evocations
 10385 | D:10     | Entered Level 10 of the Dungeon
 10411 | D:10     | Noticed Maurice
 10422 | D:10     | Noticed Snorg
 10740 | D:10     | Offered knowledge of Scorch by Vehumet.
 11099 | D:10     | Gained mutation: You may rarely emit foul miasma when
                  | damaged in melee. [demonic ancestry]
 11099 | D:10     | Reached XP level 11. HP: 81/81 MP: 19/23
 11104 | D:10     | Reached *** piety under Vehumet
 11131 | D:10     | Noticed Nergalle
 11272 | D:11     | Noticed a boulder beetle
 11525 | D:3      | Bought a scarf of resistance for 384 gold pieces
 11619 | D:5      | Killed Grinder
 11793 | D:8      | Killed a two-headed ogre
 12018 | D:8      | Paralysed by Amaemon for 2 turns
 12024 | D:8      | Killed Amaemon
 12275 | D:9      | Killed Harold
 12359 | D:10     | Killed Maurice
 12401 | D:10     | Killed Nergalle
 12475 | D:11     | Noticed a seven-headed hydra
 12480 | D:11     | Offered knowledge of Olgreb's Toxic Radiance by Vehumet.
 12482 | D:11     | Killed a seven-headed hydra
 12788 | D:11     | Reached XP level 12. HP: 82/89 MP: 21/25
 12822 | D:11     | Found a staircase to the Lair.
 12870 | D:11     | Killed a boulder beetle
 13107 | D:11     | Reached **** piety under Vehumet
 13111 | D:11     | Offered knowledge of Yara's Violent Unravelling by Vehumet.
 13184 | D:11     | Found a staircase to the Orcish Mines.
 13623 | D:11     | Reached skill level 10 in Ice Magic
 13639 | D:11     | Identified the +5 falchion of Dishonesty {freeze, Int+4}
 13787 | Orc:1    | Entered Level 1 of the Orcish Mines
 13804 | Orc:1    | Noticed an ettin
 13819 | Orc:1    | Killed an ettin
 14119 | Orc:1    | Reached skill level 10 in Spellcasting
 14319 | Orc:2    | Entered Level 2 of the Orcish Mines
 14382 | Orc:1    | HP: 4/91 [orc warrior/+1 flail of venom[an orc knight]
                  | (12)]
 14383 | Orc:1    | Mangled by an orc knight

Illustrated notes

Levels and vault maps discovered:
D:1:      dpeg_arrival_tiny_h, layout_loops_corners,
          shapermc_ecumenical_altar_mp_vishouse, ebering_dispersal_statue_hall
D:2:      layout_basic, serial_bayou_crossing
D:3:      layout_basic, serial_co_window_serial, co_window_corner_a,
          co_window_paths_a, co_window_paths_a, co_window_paths_b,
          co_window_paths_a, co_window_paths_a, co_window_2corner,
          co_window_of_opportunity_c, co_window_unsneaky_path_a,
          co_window_broadway_a, co_window_4corner_b, glass_columns_b,
          glass_columns_a, glass_columns_a, glass_columns_a, glass_columns_c,
          serial_shops, nicolae_shop_statue_plus, shop,
          nicolae_shop_hallway_stairs, nicolae_square_shop
D:4:      layout_basic, nemelex_diamond_rough_becter,
          cheibrodos_sewer_entry_sluice, kennysheep_generic_room_8, uniq_edmund
D:5:      layout_rooms, nzn_overflow_gifts_of_might_and_magic,
          cheibriados_altar_1, nicolae_elevator_lobby_plus, uniq_grinder,
          uniq_sigmund, uniq_crazy_yiuf_cottage
D:6:      layout_gridville, mainiacjoe_overflow_catwalk,
          minmay_temple_entry_grid, serial_undead, serial_undead_e,
          serial_undead_b, serial_undead_c, serial_undead_c, serial_undead_e,
          serial_undead_f, serial_undead_e, serial_undead_e
D:7:      layout_basic, patterned_corridor
D:8:      layout_cave_pods, mainiacjoe_overflow_catwalk_spiral,
          uniq_prince_ribbit1, uniq_amaemon
D:9:      layout_basic, mainiacjoe_overflow_six_doors_small, uniq_maggie,
          uniq_joseph, uniq_harold
D:10:     layout_long_grid, lemuel_coloured_pillars_altar, uniq_snorg,
          uniq_nergalle, uniq_maurice
D:11:     layout_long_grid, due_lair_maze_entry_diamond, david_orc_4,
          minmay_lindwurm_lava
Temple:   hellmonk_temple_divided_pantheon
Orc:1:    layout_diamond_mine, nicolae_orc_rockfall
Orc:2:    st_orc_congregation, layout_diamond_mine, statue_in_the_mist_lemuel,
          lemuel_statue_altar

Skill      XL: |  1  2  3  4  5  6  7  8  9 10 11 12 |
---------------+-------------------------------------+-----
Dodging        | 2 3 4 5 6 7 |  7.0
Stealth        | 2 3 4 5 |  5.0
Ice Magic      | 4 5 6 7 8 9 10 | 10.0
Fighting       | 1 2 3 4 5 6 7 |  7.3
Spellcasting   | 3 4 5 7 8 9 10 | 10.0
Conjurations   | 1 3 5 7 8 9 |  9.5
Evocations     | 1 3 4 |  4.7

Action                   |  1- 3 |  4- 6 |  7- 9 | 10-12 || total
-------------------------+-------+-------+-------+-------++-------
Melee: Quarterstaff      |    28 |       |    20 |       ||    48
       Unarmed           |     1 |       |       |       ||     1
       Dagger            |    20 |    80 |   286 |   113 ||   499
       Touch             |     6 |    19 |    65 |    69 ||   159
       Punch             |       |     1 |     4 |     2 ||     7
       Scimitar          |       |       |    60 |   176 ||   236
Throw: Dart              |       |       |    23 |    13 ||    36
 Cast: Freeze            |    29 |     7 |     1 |     6 ||    43
       Ozocubu's Armour  |       |     3 |    24 |    32 ||    59
       Frozen Ramparts   |       |     2 |    14 |    35 ||    51
       Hailstorm         |       |       |       |    36 ||    36
Evoke: Wand              |       |       |       |    11 ||    11
  Use: Scroll            |       |    12 |    10 |     7 ||    29
       Potion            |       |       |       |    11 ||    11
 Stab: Sleeping          |     5 |     4 |     7 |     6 ||    22
       Invisible         |       |       |       |     1 ||     1
Armor: Robe              |     3 |       |       |       ||     3
       Leather armour    |    13 |    37 |    72 |       ||   122
       Steam dragon scal |       |       |   123 |       ||   123
       Troll leather arm |       |       |    11 |   248 ||   259
       Skin              |       |       |       |     5 ||     5
Dodge: Dodged            |    43 |    38 |   242 |   302 ||   625
